 Dungeon Crawl Stone Soup version 0.25-a0-458-g6fc7858 (webtiles) character file.

Game seed: 7133057467082208313, levelgen mode: deterministic

268 Abanax the Charmwright (level 6, -5/50 HPs)
             Began as a Gnoll Skald on Feb 1, 2020.
             Was an Initiate of Trog.
             Killed by divine providence
             ... invoked by an orc priest
              (11 damage)
             ... on level 4 of the Dungeon.
             The game lasted 00:16:31 (2344 turns).

Abanax the Charmwright (Gnoll Skald)                Turns: 2344, Time: 00:16:32

Health: -5/50      AC:  8    Str: 15    XL:     6   Next: 21%
Magic:  13/13      EV: 13    Int: 15    God:    Trog [......]
Gold:   101        SH:  0    Dex: 15    Spells: 12/15 levels left

rFire    + . .     SeeInvis .   a - +0 hand axe
rCold    x . .     Gourm    .   (no shield)
rNeg     . . .     Faith    .   j - +0 ring mail
rPois    .         Spirit   .   (no helmet)
rElec    .         Reflect  .   (no cloak)
rCorr    .         Harm     .   o - +2 pair of gloves
MR       .....                  (no boots)
Stlth    +.........             (no amulet)
HPRegen  0.16/turn              p - ring of fire
MPRegen  0.13/turn              (no ring)

@: no status effects
A: distributed training, fangs 1, strong nose
a: Renounce Religion


You were on level 4 of the Dungeon.
You worshipped Trog.
Trog was noncommittal.
You were not hungry.

You visited 1 branch of the dungeon, and saw 4 of its levels.

You collected 101 gold pieces.

Inventory:

Hand Weapons
 a - a +0 hand axe (weapon)
 i - a +2 hunting sling of flaming
Missiles
 b - 101 stones (quivered)
Armour
 j - a +0 ring mail (worn)
 o - a +2 pair of gloves (worn)
Jewellery
 p - a ring of fire (left hand)
Scrolls
 g - a scroll of enchant armour {unknown}
 k - 5 scrolls of remove curse
 n - 3 scrolls of identify {unknown}
 q - a scroll of magic mapping {unknown}
Potions
 c - 2 potions of curing {unknown}
 e - a potion of degeneration {unknown}
 f - a potion of invisibility {unknown}
 h - a potion of heal wounds {unknown}
 l - a potion of might {unknown}
 m - 2 potions of magic {unknown}
 r - a potion of ambrosia {unknown}
Comestibles
 d - 4 rations


   Skills:
 + Level 4.9 Fighting
 + Level 1.8 Short Blades
 + Level 1.8 Long Blades
 + Level 4.9 Axes
 + Level 1.8 Maces & Flails
 + Level 1.8 Polearms
 + Level 1.8 Staves
 + Level 1.8 Slings
 + Level 1.8 Bows
 + Level 1.8 Crossbows
 + Level 1.8 Throwing
 + Level 3.1 Armour
 + Level 4.9 Dodging
 + Level 1.8 Stealth
 + Level 1.8 Shields
 + Level 1.8 Unarmed Combat
 + Level 5.3 Spellcasting
 + Level 1.4 Conjurations
 + Level 1.4 Hexes
 + Level 5.6 Charms
 + Level 1.4 Summonings
 + Level 1.4 Necromancy
 + Level 1.4 Translocations
 + Level 1.4 Transmutations
 + Level 1.4 Fire Magic
 + Level 1.4 Ice Magic
 + Level 1.4 Air Magic
 + Level 1.4 Earth Magic
 + Level 1.4 Poison Magic
 + Level 2.0 Invocations
 + Level 1.8 Evocations


You had 12 spell levels left.
You knew the following spells:

 Your Spells              Type           Power        Failure   Level  Hunger
a - Infusion              Chrm           ###.         3%          1    None
b - Song of Slaying       Chrm           ###.....     4%          2    #......

Your spell library contained the following spells:

 Spells                   Type           Power        Failure   Level  Hunger
 Shroud of Golubria       Chrm/Tloc      ##....       11%         2    #......
 Ozocubu's Armour         Chrm/Ice       ##......     22%         3    ###....
 Spectral Weapon          Hex/Chrm       ##......     22%         3    ###....


Dungeon Overview and Level Annotations

Branches:
Dungeon (4/15)
 Temple: D:4-7

Altars:
Trog


Innate Abilities, Weirdness & Mutations

Your experience applies equally to all skills.
You have very sharp teeth.
Your uncanny sense of smell can sniff out nearby items.


Message History

The orc priest hits you with a cursed +0 mace.
* * * LOW HITPOINT WARNING * * *
You hit the orc priest. Your bite misses the orc priest.
The orc priest is severely wounded.
You closely miss the orc priest.
Your ring mail prevents you from hitting the phantom.
The phantom misses you. The orc priest misses you.
The orc priest hits you but does no damage.
You barely miss the orc priest.
The orc priest is severely wounded.
You barely miss the orc priest. You hit the phantom. The phantom hits you.
* * * LOW HITPOINT WARNING * * *
The orc priest hits you but does no damage.
The orc priest casts a cantrip, but nothing happens.
A quokka comes into view.
The orc priest mumbles some strange prayers to Beogh against you.
You barely resist.
The orc priest invokes the aid of Beogh against you.
Beogh smites you!
You die...

....... #..#
.....# ...
##...##.###..
#.##............
#..............#
.......o.#
##.#.##.o#
##W.#.# #@....#
#.......s#
!....##.........
.... ..........
... #........[.
.. ...........
.∆ ###.r.......
#....##...


You could see a phantom, a scorpion, 2 orc priests and a quokka.

Vanquished Creatures
  An ogre (D:3)
  2 orc priests (D:3)
  A worker ant (D:3)
  3 adders
  2 oozes
  2 worms (D:2)
  A dart slug (D:1)
  5 leopard geckos
  An orc (D:3)
  A ball python (D:3)
  5 bats
  8 goblins
  8 hobgoblins
  2 jackals (D:1)
  6 frilled lizards
  7 kobolds
  7 rats
62 creatures vanquished.

Notes
Turn   | Place    | Note
-------+----------+-------------------------------------------
     0 | D:1      | Abanax the Gnoll Skald began the quest for the Orb.
     0 | D:1      | Reached XP level 1. HP: 20/20 MP: 6/6
    41 | D:1      | Reached XP level 2. HP: 22/26 MP: 3/7
   228 | D:1      | Reached XP level 3. HP: 11/31 MP: 9/9
   602 | D:1      | Reached skill level 5 in Spellcasting
   778 | D:2      | Reached skill level 1 in Invocations
  1083 | D:2      | Reached skill level 1 in Short Blades
  1083 | D:2      | Reached skill level 1 in Long Blades
  1083 | D:2      | Reached skill level 1 in Maces & Flails
  1083 | D:2      | Reached skill level 1 in Polearms
  1083 | D:2      | Reached skill level 1 in Staves
  1083 | D:2      | Reached skill level 1 in Slings
  1083 | D:2      | Reached skill level 1 in Bows
  1083 | D:2      | Reached skill level 1 in Crossbows
  1083 | D:2      | Reached skill level 1 in Throwing
  1083 | D:2      | Reached skill level 1 in Stealth
  1083 | D:2      | Reached skill level 1 in Shields
  1083 | D:2      | Reached skill level 1 in Unarmed Combat
  1083 | D:2      | Reached skill level 1 in Evocations
  1089 | D:2      | Reached XP level 4. HP: 37/38 MP: 8/11
  1500 | D:3      | Learned a level 2 spell: Song of Slaying
  1555 | D:3      | Reached skill level 1 in Conjurations
  1555 | D:3      | Reached skill level 1 in Hexes
  1555 | D:3      | Reached skill level 1 in Summonings
  1555 | D:3      | Reached skill level 1 in Necromancy
  1555 | D:3      | Reached skill level 1 in Translocations
  1555 | D:3      | Reached skill level 1 in Transmutations
  1555 | D:3      | Reached skill level 1 in Fire Magic
  1555 | D:3      | Reached skill level 1 in Ice Magic
  1555 | D:3      | Reached skill level 1 in Air Magic
  1555 | D:3      | Reached skill level 1 in Earth Magic
  1555 | D:3      | Reached skill level 1 in Poison Magic
  1687 | D:3      | Found a bloodstained altar of Trog.
  1698 | D:3      | Became a worshipper of Trog the Wrathful
  1961 | D:4      | Noticed an ogre
  1969 | D:3      | Reached XP level 5. HP: 13/43 MP: 12/12
  2099 | D:3      | Killed an ogre
  2099 | D:3      | Reached XP level 6. HP: 17/50 MP: 13/13
  2303 | D:4      | Noticed a phantom
  2344 | D:4      | Killed from afar by an orc priest

Levels and vault maps discovered:
D:1:      sevenhm_arrival_forest_fort_large_4, layout_basic
D:2:      layout_basic, serial_corexii_hall, chequers_hall_statues_wall_a,
          corexii_hall_statues_s, chequers_serial_rivers_micro_b
D:3:      layout_rooms, first_ration, bloody_trog
D:4:      layout_rooms

Skill      XL: |  1  2  3  4  5 |
---------------+----------------+-----
Spellcasting   | 5 |  5.3
Invocations    | 1 2 |  2.0
Short Blades   | 1 |  1.8
Long Blades    | 1 |  1.8
Maces & Flails | 1 |  1.8
Polearms       | 1 |  1.8
Staves         | 1 |  1.8
Slings         | 1 |  1.8
Bows           | 1 |  1.8
Crossbows      | 1 |  1.8
Throwing       | 1 |  1.8
Stealth        | 1 |  1.8
Shields        | 1 |  1.8
Unarmed Combat | 1 |  1.8
Evocations     | 1 |  1.8
Conjurations   | 1 |  1.4
Hexes          | 1 |  1.4
Summonings     | 1 |  1.4
Necromancy     | 1 |  1.4
Translocations | 1 |  1.4
Transmutations | 1 |  1.4
Fire Magic     | 1 |  1.4
Ice Magic      | 1 |  1.4
Air Magic      | 1 |  1.4
Earth Magic    | 1 |  1.4
Poison Magic   | 1 |  1.4
Armour         | 3 |  3.1
Fighting       | |  4.9
Axes           | |  4.9
Dodging        | |  4.9
Charms         | |  5.6

Action                   |  1- 3 |  4- 6 || total
-------------------------+-------+-------++-------
Melee: Hand axe          |   106 |    93 ||   199
       Bite              |    13 |    11 ||    24
       Punch             |     1 |       ||     1
 Cast: Infusion          |     3 |     1 ||     4
       Song of Slaying   |       |     1 ||     1
  Use: Scroll            |       |     1 ||     1
  Eat: Ration            |     1 |     1 ||     2
Armor: Leather armour    |    18 |       ||    18
       Ring mail         |     7 |    35 ||    42
Dodge: Dodged            |    90 |    81 ||   171

Table legend:
 A = Non-vault XP
 B = Vault XP
 C = Vault XP percentage of total XP
 D = Non-vault monster count
 E = Vault monster count
 F = Vault count percentage of total count
                 A         B        C        D         E       F
            +---------+---------+-------+---------+---------+-------
      Total |     383 |       0 |   0.0 |      62 |       0 |   0.0
            +---------+---------+-------+---------+---------+-------
        D:1 |      48 |       0 |   0.0 |      26 |       0 |   0.0
        D:2 |      65 |       0 |   0.0 |      21 |       0 |   0.0
        D:3 |     270 |       0 |   0.0 |      15 |       0 |   0.0
            +---------+---------+-------+---------+---------+-------
